 Dungeon Crawl Stone Soup version 0.16.0-12-g7215832 (webtiles) character file.

12319 stefzke33 the Grappler (level 11, -7/107 HPs)
             Began as a Troll Fighter on Mar 17, 2015.
             Was the Champion of Makhleb.
             Mangled by an orc warrior
             ... wielding a +0 battleaxe
              (36 damage)
             ... on level 3 of the Orcish Mines on Mar 18, 2015.
             The game lasted 01:41:40 (9810 turns).

stefzke33 the Grappler (Troll Fighter)              Turns: 9810, Time: 01:41:40

Health: -7/107     AC:  8    Str: 26    XL:     11   Next: 60%
Magic:  16/16      EV: 12    Int:  7    God:    Makhleb [******]
Gold:   1083       SH:  0    Dex:  9    Spells: 0 memorised, 10 levels left

rFire  . . .     SeeInvis .       - Unarmed
rCold  . . .     Clarity  +     b - +0 robe
rNeg   . . .     SustAb   .     (shield restricted)
rPois  .         Gourm    +     (helmet restricted)
rElec  .         Spirit   .     i - +2 cloak
rCorr  .         Warding  .     (gloves unavailable)
rMut   .         Stasis   .     (boots unavailable)
MR     +....                    H - amulet of clarity
Stlth  ++........               d - ring of stealth
                                V - ring of protection from magic

@: somewhat resistant to hostile enchantments, unstealthy
A: unfitting armour, claws 3, fast metabolism 3, gourmand, regeneration 2,
shaggy fur 1, tough skin 2
a: Minor Destruction, Lesser Servant of Makhleb, Major Destruction, Greater
Servant of Makhleb, Renounce Religion


You were on level 3 of the Orcish Mines.
You worshipped Makhleb.
Makhleb was exalted by your worship.
You were completely stuffed.

You visited 3 branches of the dungeon, and saw 15 of its levels.

You collected 1290 gold pieces.
You spent 130 gold pieces at shops.
You paid 77 gold pieces to Gozag.

Inventory:

Hand weapons
 o - a +0 giant spiked club
 v - a +0 battleaxe
 E - a +0 hand axe of venom
Missiles
 s - 7 tomahawks (quivered)
 F - 4 tomahawks of returning
Armour
 b - a +0 robe (worn)
 f - a cursed +0 robe
 i - a +2 cloak (worn)
Jewellery
 d - a ring of stealth (right claw)
 r - an uncursed amulet of resist corrosion
 H - an amulet of clarity (around neck)
 V - a ring of protection from magic (left claw)
Magical devices
 y - a wand of slowing (36)
Scrolls
 c - 3 scrolls of remove curse
 q - 4 scrolls of identify
 A - a scroll of vulnerability {unknown}
 B - 2 scrolls of fear {unknown}
 C - 3 scrolls of teleportation
 G - a scroll of magic mapping {unknown}
 L - a scroll of recharging
 U - a scroll of torment {unknown}
 Z - a scroll of enchant armour {unknown}
Potions
 e - 2 potions of might
 h - a potion of beneficial mutation {unknown}
 k - a potion of haste {unknown}
 l - a potion of heal wounds
 m - 5 potions of brilliance
 n - a potion of agility {unknown}
 p - a potion of degeneration {unknown}
 t - 6 potions of curing
 x - a potion of invisibility {unknown}
 z - a potion of poison {unknown}
 D - a potion of restore abilities {unknown}
 M - 2 potions of mutation {unknown}
Books
 I - Kikubaaqudgha's Grimoire of Black Magic
   (You found it on level 5 of the Dungeon)

   Spells                             Type                      Level
   a - Animate Skeleton               Necromancy                   1
 J - Vehumet's Compendium of Arcane Weapons
   (You found it on level 5 of the Dungeon)

   Spells                             Type                      Level
   a - Magic Dart                     Conjuration                  1
 K - Sif Muna's Volume of Attacks
   (You found it on level 5 of the Dungeon)

   Spells                             Type                      Level
   a - Shock                          Conjuration/Air              1
 P - a book of Spatial Translocations

   Spells                             Type                      Level
   a - Apportation                    Translocation                1
   b - Blink                          Translocation                2
   c - Shroud of Golubria             Charms/Translocation         2
   d - Portal Projectile              Translocation                3
   e - Teleport Other                 Translocation                3
   f - Passage of Golubria            Translocation                4
 T - a book of Power

   Spells                             Type                      Level
   a - Fulminant Prism                Conjuration/Hexes            4
   b - Iskenderun's Mystic Blast      Conjuration                  4
   c - Venom Bolt                     Conjuration/Poison           5
   d - Bolt of Magma                  Conjuration/Fire/Earth       5
   e - Iron Shot                      Conjuration/Earth            6
   f - Orb of Destruction             Conjuration                  7
   g - Spellforged Servitor           Conjuration/Summoning        7
Comestibles
 a - 10 chunks of flesh
 g - 5 beef jerkies
 j - 5 bread rations
 u - a royal jelly
 w - 4 meat rations
 X - 6 fruits


   Skills:
 + Level 6.9 Fighting
 + Level 3.0 Armour
 + Level 8.2 Dodging
   Level 2.4 Shields
 * Level 12.0 Unarmed Combat
 * Level 6.1 Invocations


You had 10 spell levels left.
You didn't know any spells.

Dungeon Overview and Level Annotations

Branches:
Dungeon (10/15)            Temple (1/1) D:5            Lair (0/8) D:8
    Orc (4/4) D:9
    Elf: Orc:3-4

Altars:
Ashenzari
Cheibriados
Fedhas
Gozag
Kikubaaqudgha
Makhleb
Nemelex Xobeh
Okawaru
Qazlal
Sif Muna
Trog
Vehumet
Xom
Yredelemnul
The Shining One
Beogh

Shops:
D:4 !   Orc:4 [


Innate Abilities, Weirdness & Mutations

You are too large for most types of armour.
You have claws for hands.
Your metabolism is lightning-fast.
You like to eat raw meat.
You heal very quickly.
You are covered in fur (AC +1).
You have very tough skin (AC +2).


Message History

There is a stone staircase leading up, spattered with blood here.
The warg bites you but does no damage.
The orc warrior hits you with a battleaxe!
The orc high priest utters an invocation to Beogh.
The warg bites you. The orc knight closely misses you.
You climb upwards.
There is a stone staircase leading down here.
You claw the orc warlord!
The orc warlord begins to bleed from its wounds!
The orc warlord is lightly wounded.
The orc warrior hits you with a battleaxe!
The orc warlord hits you with an uncursed battleaxe!
The warg bites you.
* * * LOW HITPOINT WARNING * * *
You feel better.
The orc knight hits you with a dire flail!
* * * LOW HITPOINT WARNING * * *
The warg barely misses you.
The orc warrior hits you with a battleaxe!!!
You die...

### #...#...........##
##.###....#...........#
#...#.#....#(#.....#.#####
##................###.##.###
###...<.............#.......##
##.............([.......##....#
#.............[.[...[...####.##
##.##.........ooh.[......# ###
###...#.......@o........##
##.##........รท.........#
#...............##....##
##........))...#.##.###
##.#..#............###
#....###.......##.##
##.....##.....#....##
#...................#
##....<.......##..#.##


You could see an orc warlord (bleeding), an orc knight (frenzied), a warg and an
orc warrior (frenzied).

Vanquished Creatures
  An orc warlord (Orc:3)
  Josephine (Orc:1)
  An orc high priest (Orc:3)
  3 orc knights (Orc:3)
  An orc sorcerer (Orc:3)
  A sixfirhy (Orc:3)
  An orange demon (Orc:3)
  A troll (Orc:3)
  Grinder (D:3)
  A ynoxinul (Orc:3)
  A hippogriff (D:7)
  Eustachio (D:5)
  4 wraiths
  2 humans (D:9)
  A chaos spawn (Orc:3)
  Edmund (D:4)
  A sky beast (D:9)
  2 phantoms
  21 orc warriors
  2 boring beetles (D:8)
  4 ice beasts
  6 ogres
  2 centaurs
  Duvessa (D:6)
  A big kobold (D:7)
  A giant frog (D:8)
  A gnoll sergeant (D:7)
  3 scorpions
  2 goliath beetles
  2 vampire bats (D:4)
  A centaur zombie (D:6)
  3 crimson imps
  The ghost of kae the Firebug, a weakling TeFE (D:3)
  Dowan (D:6)
  9 hounds
  24 orc priests
  6 iguanas
  A giant frog zombie (D:7)
  A jelly (D:7)
  Natasha (D:5)
  23 orc wizards
  6 worker ants
  2 killer bee zombies
  Ijyb (D:4)
  A hound zombie (D:9)
  A hound skeleton (D:4)
  3 worker ant zombies
  Robin (D:4)
  16 gnolls
  10 adders
  A giant mite (D:5)
  4 worms
  A shadow imp (D:9)
  3 ufetubi (Orc:3)
  An adder zombie (D:7)
  2 adder skeletons
  5 giant geckos
  94 orcs
  16 bats
  A bat skeleton (D:6)
  7 giant cockroaches
  26 goblins
  18 hobgoblins
  3 jackals (D:2)
  19 kobolds
  5 quokkas
  2 ball pythons
  A giant gecko skeleton (D:8)
  3 giant newts
  19 rats
  A ballistomycete (D:6)
415 creatures vanquished.

Vanquished Creatures (others)
  A giant spore (D:6)
1 creature vanquished.

Grand Total: 416 creatures vanquished

Notes
Turn   | Place    | Note
--------------------------------------------------------------
     0 | D:1      | stefzke33, the Troll Fighter, began the quest for the Orb.
     0 | D:1      | Reached XP level 1. HP: 22/22 MP: 1/1
   285 | D:1      | Upgraded the game from 0.16.0-11-gd45b091 to 0.16.0-12-g7215832
   294 | D:1      | Reached XP level 2. HP: 26/29 MP: 1/1
   742 | D:2      | Found an opulent altar of Gozag.
   778 | D:2      | Became a worshipper of Gozag Ym Sagoz the Greedy
   809 | D:2      | Reached XP level 3. HP: 36/36 MP: 2/2
   895 | D:2      | Found a glowing golden altar of the Shining One.
   898 | D:2      | Reached skill level 3 in Fighting
  1104 | D:3      | Noticed Grinder
  1109 | D:3      | Killed Grinder
  1109 | D:3      | Reached skill level 1 in Dodging
  1109 | D:3      | Reached skill level 4 in Unarmed Combat
  1109 | D:3      | Reached XP level 4. HP: 29/46 MP: 2/2
  1109 | D:3      | Reached XP level 5. HP: 33/53 MP: 2/2
  1256 | D:3      | Found a sparkling altar of Nemelex Xobeh.
  1297 | D:3      | Noticed kae's ghost (weakling TeFE)
  1305 | D:3      | Killed kae's ghost
  1305 | D:3      | Reached XP level 6. HP: 55/62 MP: 3/3
  1366 | D:3      | Found a shattered altar of Ashenzari.
  1498 | D:3      | Fell from the grace of Gozag
  1635 | D:3      | Noticed a moth of wrath
  1636 | D:3      | Found a bloodstained altar of Trog.
  1769 | D:3      | Found a snail-covered altar of Cheibriados.
  1912 | D:4      | Noticed Robin
  1922 | D:4      | Killed Robin
  1927 | D:4      | Reached skill level 5 in Unarmed Combat
  2003 | D:4      | Noticed Ijyb
  2012 | D:4      | Killed Ijyb
  2028 | D:4      | Reached XP level 7. HP: 58/68 MP: 3/3
  2043 | D:4      | Found Aleot's Distillery.
  2060 | D:4      | Bought a potion of heal wounds for 50 gold pieces
  2060 | D:4      | Bought a potion of curing for 30 gold pieces
  2060 | D:4      | Bought a potion of heal wounds for 50 gold pieces
  2245 | D:4      | Noticed Edmund
  2258 | D:4      | Killed Edmund
  2309 | D:4      | Found a burning altar of Makhleb.
  2312 | D:4      | Became a worshipper of Makhleb the Destroyer
  2325 | D:4      | Was forgiven by Gozag
  2385 | D:4      | Found a basalt altar of Yredelemnul.
  2436 | D:4      | Reached skill level 6 in Unarmed Combat
  2614 | D:4      | Acquired Makhleb's first power
  2617 | D:4      | Reached XP level 8. HP: 75/78 MP: 3/3
  2693 | D:5      | Entered Level 5 of the Dungeon
  2750 | D:5      | Found a staircase to the Ecumenical Temple.
  2965 | D:5      | Reached skill level 1 in Invocations
  3210 | D:5      | Noticed Eustachio
  3231 | D:5      | Killed Eustachio
  3349 | D:5      | Acquired Makhleb's second power
  3403 | D:5      | Found a blossoming altar of Fedhas.
  3405 | D:5      | Found a stormy altar of Qazlal.
  3459 | D:5      | Reached skill level 7 in Unarmed Combat
  3520 | D:5      | Noticed Natasha
  3523 | D:5      | Killed Natasha
  3709 | D:5      | Found an ancient bone altar of Kikubaaqudgha.
  3713 | D:5      | Found a radiant altar of Vehumet.
  3718 | D:5      | Identified Kikubaaqudgha's Grimoire of Black Magic
  3726 | D:5      | Identified Vehumet's Compendium of Arcane Weapons
  3734 | D:5      | Found a deep blue altar of Sif Muna.
  3738 | D:5      | Identified Sif Muna's Volume of Attacks
  4122 | D:6      | Reached skill level 5 in Dodging
  4130 | D:6      | Acquired Makhleb's third power
  4245 | D:6      | Noticed Dowan
  4251 | D:6      | Killed Dowan
  4256 | D:6      | Noticed Duvessa
  4263 | D:6      | Killed Duvessa
  4263 | D:6      | Reached XP level 9. HP: 69/85 MP: 7/7
  4521 | D:7      | Reached skill level 8 in Unarmed Combat
  4622 | D:7      | Noticed an orange demon
  4727 | D:6      | Reached skill level 5 in Fighting
  5087 | D:7      | Found a shimmering altar of Xom.
  5170 | D:7      | Acquired Makhleb's fourth power
  5362 | D:7      | Reached skill level 9 in Unarmed Combat
  6101 | D:8      | Found a staircase to the Lair.
  6376 | D:8      | Reached XP level 10. HP: 97/97 MP: 11/11
  6569 | D:8      | Acquired Makhleb's fifth power
  7052 | D:9      | Found an iron altar of Okawaru.
  7144 | D:9      | Found a staircase to the Orcish Mines.
  7218 | D:9      | Reached skill level 10 in Unarmed Combat
  7344 | D:10     | Entered Level 10 of the Dungeon
  7809 | Temple   | Entered the Ecumenical Temple
  8103 | Orc:1    | Entered Level 1 of the Orcish Mines
  8236 | Orc:2    | Found an iron altar of Okawaru.
  8300 | Orc:2    | Noticed Josephine
  8320 | Orc:1    | Killed Josephine
  8320 | Orc:1    | Reached skill level 5 in Invocations
  8574 | Orc:3    | Noticed an orc warlord
  8594 | Orc:3    | Reached skill level 11 in Unarmed Combat
  8773 | Orc:3    | Killed an orc warlord
  8773 | Orc:3    | Reached XP level 11. HP: 88/107 MP: 14/14
  8852 | Orc:3    | Noticed an orc knight
  9011 | Orc:3    | Killed an orc knight
  9159 | Orc:3    | Noticed an orc knight
  9182 | Orc:3    | Killed an orc knight
  9264 | Orc:3    | Found a roughly hewn altar of Beogh.
  9406 | Orc:3    | Noticed an orc high priest
  9457 | Orc:3    | Killed an orc high priest
  9523 | Orc:3    | Noticed an orc sorcerer
  9535 | Orc:3    | Killed an orc sorcerer
  9610 | Orc:3    | Noticed an orc knight
  9633 | Orc:3    | Reached skill level 12 in Unarmed Combat
  9635 | Orc:3    | Killed an orc knight
  9784 | Orc:4    | Entered Level 4 of the Orcish Mines
  9784 | Orc:4    | Found Aditoog's Antique Armour Shop.
  9784 | Orc:4    | Noticed an orc high priest
  9784 | Orc:4    | Noticed an orc warlord
  9808 | Orc:4    | Noticed an ice devil
  9810 | Orc:3    | Mangled by an orc warrior

Action                   |  1- 3 |  4- 6 |  7- 9 | 10-12 || total
-------------------------+-------+-------+-------+-------++-------
Melee: Club              |    24 |       |       |       ||    24
       Unarmed           |    49 |    87 |   418 |   373 ||   927
       Dagger            |     2 |       |       |       ||     2
Invok: Potion Petition   |     1 |       |       |       ||     1
       Renounce Religion |       |     1 |       |       ||     1
       Lesser Servant of |       |       |     1 |       ||     1
  Use: Scroll            |     4 |       |       |     4 ||     8
       Potion            |       |       |     1 |     6 ||     7
 Stab: Distracted        |       |       |       |     1 ||     1
  Eat: Meat ration       |     2 |       |       |       ||     2
       Chunk             |       |    14 |    39 |    33 ||    86
